cohdb
Replays
Latest Replays
All Replays
Popular Replays
Top Player Replays
Match Explorer
How It Works
Community
CoH3 Stats
Reddit
Sign in to upload your games and track your stats! →
Sign in with Steam
Match 45690125
Unlisted
Match 45690125
Overview
Messages
Build Orders
End
Construct Section Command Post
Royal Engineer Section
Construct Section Command Post
Selects Canadian Shock Battlegroup
Infantry Section
Infantry Section
Selects Attacking Spirit
Selects Canadian Shock Section
Canadian Shock Section
Construct Platoon Command Post
Humber Armored Car
Selects Incendiary Munitions
Grenade Package
Construct Field Infirmary
Selects Pyrotechnics
6-pounder Anti-tank Gun Team
Construct Company Command Post
Crusader II Medium Tank
Foot Guards Section
Crusader II Medium Tank
Vickers Machine Gun Team
Selects Churchill Crocodile Heavy Tank
Infantry Section
BIOHAZARD
demenza058
Giovanni
HomerJ.Simpson
Krustytheclown
Mr. Krabs
0
0
Comments
sign in to comment!
No comments posted yet!